 Seeded DCSS version 0.30.1-11-g7821555f0a (webtiles) character file.

Game seed: 5129858224507802926 (custom seed)

337 Psyclone the Conjurer (level 6, -3/49 HPs)
             Began as a Draconian Conjurer on Nov 13, 2023.
             Killed by divine providence
             ... invoked by an orc priest
              (16 damage)
             ... on level 4 of the Dungeon.
             The game lasted 00:02:45 (1222 turns).

Psyclone the Conjurer (Draconian Conjurer)          Turns: 1222, Time: 00:02:46

Health: -3/49      AC:  7    Str:  9    XL:     6   Next: 28%
Magic:  1/11       EV: 12    Int: 20    God:
Gold:   124        SH:  0    Dex: 10    Spells: 9/12 levels left

rFire   + + .        j - +0 rapier
rCold   . . .        (no shield)
rNeg    . . .        (body armour unavailable)
rPois   .            (helmet restricted)
rElec   .            (no cloak)
rCorr   .            (no gloves)
SInv    .            h - +0 pair of boots
Will    .....        (no amulet)
Stlth   ++           (no ring)
HPRegen 0.28/turn    (no ring)
MPRegen 0.12/turn

%: no passive effects
@: no status effects
A: AC +6, unfitting armour, cold-blooded, horns 1, fire resistance 2, robust 1,
wild magic 1, evolution 1, MP-powered wands
a: no special abilities


You were on level 4 of the Dungeon.
You visited 1 branch of the dungeon, and saw 4 of its levels.

You collected 124 gold pieces.

Inventory:

Hand Weapons
 j - a +0 rapier (weapon)
Armour
 h - a +0 pair of boots (worn)
Scrolls
 c - a scroll of amnesia {unknown}
 d - a scroll of vulnerability {unknown}
 f - 2 scrolls of identify {unknown}
 i - 2 scrolls of fear {unknown}
Potions
 a - a potion of magic
 b - a potion of might {unknown}
 e - a potion of mutation
 g - a potion of berserk rage {unknown}


   Skills:
 - Level 1.7 Dodging
 - Level 1.7 Stealth
 + Level 3.8 Spellcasting
 * Level 6.6 Conjurations


You had 9 spell levels left.
You knew the following spells:

 Your Spells              Type           Power      Damage    Failure   Level
a - Magic Dart            Conj           100%       1d8       1%          1
b - Searing Ray           Conj           78%        2d7       2%          2

Your spell library contained the following spells:

 Spells                   Type           Power      Damage    Failure   Level
 Dazzling Flash           Conj/Hex       44%        N/A       14%         3
 Fulminant Prism          Conj/Hex       11%        3d8       41%         4
 Iskenderun's Mystic Bla  Conj/Tloc      22%        2d6       41%         4


Dungeon Overview and Level Annotations

Branches:
Dungeon (4/15) Zot: 22775  Temple (0/1) D:4

Altars:
Elyvilon

Shops:
D:2 =


Innate Abilities, Weirdness & Mutations

Your plain brown scales are hard. (AC +6)
You cannot fit into any form of body armour.
You are cold-blooded and may be slowed by cold attacks.
You have a pair of small horns on your head.
Your flesh is very heat resistant. (rF++)
You are robust. (+10% HP)
Your spells are a little harder to cast, but a little more powerful.
You have hidden genetic potential.
You expend magic power (3 MP) to strengthen your wands.


Message History

You barely resist.
You hit the orc priest but do no damage.
Your headbutt misses the orc priest. You tail-slap the orc priest.
The orc priest is moderately wounded.
The orc priest hits you with a +0 trident.
You take 4 damage, and have 45/49 hp.
You hit the orc priest but do no damage.
The orc priest is moderately wounded.
The orc priest mumbles some strange prayers to Beogh against you.
Beogh smites you!
You take 13 damage, and have 32/49 hp.
MASSIVE DAMAGE!!
You barely miss the orc priest. Your headbutt misses the orc priest.
The orc priest is moderately wounded.
The orc priest hits you with a +0 trident.
You take 4 damage, and have 28/49 hp.
You closely miss the orc priest.
Your tail-slap misses the orc priest.
The orc priest is moderately wounded.
The orc priest misses you.
The orc priest invokes the aid of Beogh against you.
Pain shoots through your body!
* * * LOW HITPOINT WARNING * * *
You take 14 damage, and have 14/49 hp.
MASSIVE DAMAGE!!
You closely miss the orc priest.
The orc priest is moderately wounded.
The orc priest looks satisfied for a moment.
Casting: Searing Ray (safe; 2% risk of failure)
Confirm with . or Enter, or press ? or * to list all spells.
Aiming: Searing Ray (safe; 2% risk of failure)
Press: ? - help, Shift-Dir - straight line, f - orc priest
Aim: an orc priest, wielding a +0 trident and wearing a +0 leather armour (moderately wounded, 81% to hit)
The searing ray misses the orc priest. (Press . to maintain the ray.)
The orc priest mumbles some strange prayers to Beogh against you.
Pain shoots through your body!
* * * LOW HITPOINT WARNING * * *
You take 2 damage, and have 13/49 hp.
You now have 2/11 mp.
The searing ray misses the orc priest.
The orc priest invokes the aid of Beogh against you.
Beogh smites you!
You die...

.......#...###..)###...#.......#
.......## ##.## #####.......#
......# #)# #..........#
......#### ##.## #..........#
.........#####...# #..........#
......##.....#.⌠.# #..........#
...#.#####...#...# ####.#####.##
...#.# #...##[##..#... .#
..##.## ###..).@o....## ..
..##..### #########.... .
..###...##### . .####.......#
..>.......<.# ####........# #
##.......# # ######### #


You could see an orc priest.

Vanquished Creatures
  Eustachio (D:4)
  2 orc priests
  An iguana (D:4)
  2 orc wizards
  An adder (D:4)
  2 dart slugs
  10 orcs
  2 bats (D:2)
  3 endoplasms
  3 goblins
  2 hobgoblins (D:2)
  A quokka (D:2)
  3 ball pythons
  A kobold (D:4)
  A rat (D:1)
35 creatures vanquished.

Notes
Turn   | Place    | Note
-------+----------+-------------------------------------------
     0 | D:1      | Psyclone the Draconian Conjurer began the quest for the
                  | Orb.
     0 | D:1      | Reached XP level 1. HP: 14/14 MP: 3/3
   100 | D:2      | Gained mutation: Your flesh is heat resistant. (rF+)
                  | [potion of mutation]
   100 | D:2      | Gained mutation: You are robust. (+10% HP) [potion of
                  | mutation]
   100 | D:2      | Gained mutation: You have a beak for a mouth. [potion of
                  | mutation]
   100 | D:2      | Gained mutation: You passively dampen the noise of your
                  | surroundings. [potion of mutation]
   151 | D:2      | Found Zutuxkoi's Jewellery Shop.
   227 | D:2      | Lost mutation: You passively dampen the noise of your
                  | surroundings. [potion of mutation]
   227 | D:2      | Lost mutation: You have a beak for a mouth. [potion of
                  | mutation]
   227 | D:2      | Gained mutation: You have a pair of small antennae on your
                  | head. [potion of mutation]
   227 | D:2      | Gained mutation: Your spells are a little harder to cast,
                  | but a little more powerful. [potion of mutation]
   227 | D:2      | Gained mutation: Your flesh is very heat resistant. (rF++)
                  | [potion of mutation]
   227 | D:2      | Gained mutation: You are strong-willed. (Will+) [potion of
                  | mutation]
   289 | D:2      | Reached XP level 2. HP: 22/22 MP: 1/5
   391 | D:2      | Learned a level 2 spell: Searing Ray
   460 | D:3      | Reached XP level 3. HP: 19/28 MP: 1/6
   461 | D:3      | Reached skill level 5 in Conjurations
   461 | D:3      | Reached XP level 4. HP: 24/36 MP: 0/8
   541 | D:3      | Lost mutation: You are strong-willed. (Will+) [potion of
                  | mutation]
   541 | D:3      | Lost mutation: You have a pair of small antennae on your
                  | head. [potion of mutation]
   541 | D:3      | Gained mutation: You have a pair of small horns on your
                  | head. [potion of mutation]
   541 | D:3      | Gained mutation: You have hidden genetic potential. [potion
                  | of mutation]
   670 | D:4      | Found a white marble altar of Elyvilon.
   691 | D:4      | Found a staircase to the Ecumenical Temple.
   748 | D:4      | Reached XP level 5. HP: 41/41 MP: 1/9
   749 | D:4      | Gained mutation: You have great hidden genetic potential.
                  | [hidden potential]
  1180 | D:4      | Noticed Eustachio
  1197 | D:4      | Killed Eustachio
  1198 | D:4      | Reached skill level 6 in Conjurations
  1198 | D:4      | Reached XP level 6. HP: 46/49 MP: 1/11
  1211 | D:4      | Gained mutation: You expend magic power (3 MP) to
                  | strengthen your wands. [hidden potential]
  1211 | D:4      | Lost mutation: You have great hidden genetic potential.
                  | [hidden potential expressed]
  1222 | D:4      | Killed from afar by an orc priest

Illustrated notes

Levels and vault maps discovered:
D:1:      saegor_arrival_simple_c, layout_rooms, serial_shops, shop,
          kennysheep_nondescript, minmay_misc_feat_ornament
D:2:      layout_basic, serial_shops, nicolae_shop_tiny_statue_garden,
          nicolae_shop_scrapyard, shop, shop
D:3:      layout_loops_ring
D:4:      layout_rooms, elyvilon_altar_1, minmay_temple_entry_trees,
          uniq_eustachio

Skill      XL: |  1  2  3  4  5 |
---------------+----------------+-----
Conjurations   | 5 6 |  6.6
Spellcasting   | 3 |  3.8
Dodging        | |  1.7
Stealth        | |  1.7

Action                     |  1- 3 |  4- 6 || total
---------------------------+-------+-------++-------
  Melee: Unarmed           |       |     3 ||     3
         Headbutt          |       |     4 ||     4
         Rapier            |       |    14 ||    14
         Tailslap          |       |     2 ||     2
   Cast: Magic Dart        |    17 |    17 ||    34
         Searing Ray       |     1 |    11 ||    12
    Use: Potion            |     2 |     1 ||     3
 Armour: Skin              |     2 |     6 ||     8
  Dodge: Dodged            |     2 |    23 ||    25
